 Dungeon Crawl Stone Soup version 0.26-a0-812-g31a745ddcd (webtiles) character file.

Game seed: 13364849480603003937

53 kae the Covered (level 3, -4/33 HPs)
             Began as a Minotaur Fighter on Nov 25, 2020.
             Slain by Sigmund
             ... wielding a +0 scythe
              (6 damage)
             ... on level 3 of the Dungeon.
             The game lasted 00:00:38 (1397 turns).

kae the Covered (Minotaur Fighter)                  Turns: 1397, Time: 00:00:38

Health: -4/33      AC:  7    Str: 21    XL:     3   Next: 62%
Magic:  2/2        EV:  7    Int:  5    God:
Gold:   147        SH:  9    Dex:  9    Spells: 2/2 levels left

rFire    . . .     SeeInvis .   a - +0 long sword
rCold    . . .     Faith    .   c - +0 kite shield
rNeg     . . .     Spirit   .   b - +0 scale mail
rPois    .         Reflect  .   (helmet restricted)
rElec    .         Harm     .   (no cloak)
rCorr    .         Rampage  .   (no gloves)
MR       .....                  (no boots)
Stlth    ..........             (no amulet)
HPRegen  0.11/turn              (no ring)
MPRegen  0.08/turn              (no ring)

@: no status effects
A: retaliatory headbutt, horns 2
a: no special abilities


You were on level 3 of the Dungeon.
You visited 1 branch of the dungeon, and saw 3 of its levels.

You collected 147 gold pieces.

Inventory:

Hand Weapons
 a - a +0 long sword (weapon)
Armour
 b - a +0 scale mail (worn)
 c - a +0 kite shield (worn)
Wands
 m - a wand of digging (4)
Scrolls
 f - 6 scrolls of identify {unknown}
 g - 2 scrolls of remove curse {unknown}
 i - a scroll of fear {unknown}
 k - a scroll of magic mapping {unknown}
 l - a scroll of teleportation {unknown}
Potions
 d - a potion of might
 e - a potion of curing {unknown}
 h - a potion of brilliance {unknown}
 j - a potion of heal wounds {unknown}


   Skills:
 + Level 4.1 Fighting
 * Level 3.5 Long Blades
 + Level 4.1 Armour
 + Level 4.1 Shields


You had 2 spell levels left.
You didn't know any spells.
Your spell library was empty.

Dungeon Overview and Level Annotations

Branches:
Dungeon (3/15)

Altars:
Gozag
Makhleb
Vehumet

Annotations:
D:3 Sigmund


Innate Abilities, Weirdness & Mutations

You reflexively headbutt those who attack you in melee.
You have a pair of horns on your head.


Message History

You barely miss Sigmund. Your headbutt misses Sigmund.
Sigmund is lightly wounded.
Sigmund hits you but does no damage.
You slash Sigmund!
Sigmund is moderately wounded.
Sigmund hits you with a +0 scythe!
* * * LOW HITPOINT WARNING * * *
You barely miss Sigmund. Your headbutt misses Sigmund.
Sigmund is moderately wounded.
Sigmund hits you with a +0 scythe.
* * * LOW HITPOINT WARNING * * *
You hit Sigmund.
Sigmund is heavily wounded.
Sigmund completely misses you. You furiously retaliate!
You headbutt Sigmund.
You riposte.
You closely miss Sigmund.
Sigmund is severely wounded.
You completely miss Sigmund.
Sigmund is severely wounded.
Sigmund hits you with a +0 scythe.
You die...

###'####### ####'###..
#.........# #..)...###
#.........# #.........
#.........# #.........
#.........# #......###
###'####### #......# # #.#
##.#..## #
.#####.###########.#..####
..........@@.........>....#
..#####.#.####...##.#..#.##
#.#.# ##.#).#.## #.#.# .
#..#.## #.#.# .. #..#.##
#.#.# .. #..#... #.#.#
#..###. #.#.. #.. #. #.


You could see Sigmund.

Vanquished Creatures
  2 leopard geckos (D:2)
  An orc (D:3)
  A giant cockroach (D:2)
  5 goblins
  8 hobgoblins
  7 jackals
  2 kobolds (D:1)
  A quokka (D:2)
  A ball python (D:1)
  8 bats
  2 frilled lizards
  9 rats
47 creatures vanquished.

Notes
Turn   | Place    | Note
-------+----------+-------------------------------------------
     0 | D:1      | kae the Minotaur Fighter began the quest for the Orb.
     0 | D:1      | Reached XP level 1. HP: 19/19 MP: 0/0
    64 | D:1      | Reached XP level 2. HP: 24/27 MP: 1/1
   746 | D:2      | Reached XP level 3. HP: 33/33 MP: 2/2
   765 | D:2      | Found a burning altar of Makhleb.
   793 | D:2      | Found a radiant altar of Vehumet.
   871 | D:2      | Found an opulent altar of Gozag.
  1386 | D:3      | Noticed Sigmund
  1397 | D:3      | Slain by Sigmund

Illustrated notes

Levels and vault maps discovered:
D:1:      zelgadis_glass_arrival_large, layout_basic
D:2:      layout_rooms, vehumet_crystals, bloody_makhleb,
          grunt_gozag_breadcrumbs
D:3:      layout_basic, overflow_temple_1_default, lemuel_round_altar,
          gammafunk_ghost_grave, serial_bayou_pond_a, uniq_sigmund

Skill      XL: |  1  2  3 |
---------------+----------+-----
Long Blades    | 3 |  3.5
Fighting       | 4 |  4.1
Armour         | 4 |  4.1
Shields        | 4 |  4.1

Action                   || total
-------------------------++-------
Melee: Long sword        ||   114
       Headbutt          ||    12
Armor: Scale mail        ||    53
Dodge: Dodged            ||    37
Block: Kite shield       ||    66
       Rpst.: Long sword ||    12

Table legend: (Time is in decaauts)
 A = Elapsed time spent in this place.
 B = Non-inter-level travel time spent in this place.
 C = Inter-level travel time spent in this place.
 D = Time resting spent in this place.
 E = Time spent auto-exploring this place.
 F = Levels seen in this place.
 G = Mean time per level.
                   A        B        C        D        E       F      G
               +--------+--------+--------+--------+--------+-----+--------+
         Total |   1433 |   1382 |     51 |      0 |   1098 |   3 |  477.7 |
       Dungeon |   1433 |   1382 |     51 |      0 |   1098 |   3 |  477.7 |
               +--------+--------+--------+--------+--------+-----+--------+

Top non-repeatable levels by time:
     D:1: 750 daAuts
     D:2: 506 daAuts
     D:3: 176 daAuts
